 Dungeon Crawl Stone Soup version 0.26-a0-651-gb41185065b (webtiles) character file.

Game seed: 1530004862078800436

107016 Mesmaeker13 the Convoker (level 15, -1/87 HPs)
             Began as a Deep Elf Summoner on Oct 3, 2020.
             Was the Champion of Fedhas.
             Slain by a demonic crawler (7 damage)
             ... on level 2 of the Spider Nest.
             The game lasted 02:29:02 (55634 turns).

Mesmaeker13 the Convoker (Deep Elf Summoner)       Turns: 55634, Time: 02:29:04

Health: -1/87      AC: 10    Str:  8 (11) XL:     15   Next: 62%
Magic:  26/40      EV: 23    Int: 24 (25) God:    Fedhas [******]
Gold:   1016       SH:  0    Dex: 18 (19) Spells: 8/34 levels left

rFire    + . .     SeeInvis +   M - +8 trident of the Octopus King {venom, rElec rPois MR+}
rCold    + + +     Faith    .   (no shield)
rNeg     . . .     Spirit   .   i - +4 skin of Zhor {Englaciate rC+++ SInv}
rPois    +         Reflect  .   x - +2 hat
rElec    +         Harm     .   p - scarf {rC+ rF+}
rCorr    .         Rampage  .   N - +1 pair of gloves
MR       ++++.                  (no boots)
Stlth    ++........             K - amulet of magic regeneration
HPRegen  0.24/turn              u - ring "Tyecw" {rPois MR++ Str+4 Dex+4 SInv}
MPRegen  0.52/turn              J - ring of magical power

@: studying Bows
A: no striking features
}: 1/15 runes: decaying
a: Wall of Briars, Grow Ballistomycete, Overgrow, Grow Oklob, Renounce Religion


You were on level 2 of the Spider Nest.
You worshipped Fedhas.
Fedhas was exalted by your worship.
You visited 6 branches of the dungeon, and saw 31 of its levels.
You also visited: Sewer and Ice Cave.

You collected 3280 gold pieces.
You spent 2264 gold pieces at shops.

Inventory:

Hand Weapons
 M - the +8 trident of the Octopus King (weapon) {venom, rElec rPois MR+}
   (You found it on level 8 of the Dungeon)

   It poisons the flesh of those it strikes.
   It insulates you from electricity.
   It protects you from poison.
   It affects your resistance to hostile enchantments.
Armour
 h - a +0 kite shield of poison resistance
 i - the +4 skin of Zhor (worn) {Englaciate rC+++ SInv}
   (You bought it in a shop on level 2 of the Orcish Mines)

   It renders you almost immune to cold.
   It lets you see invisible.
 p - a scarf of resistance (worn)
 x - a +2 hat (worn)
 N - a +1 pair of gloves (worn)
Jewellery
 b - an uncursed ring of protection from fire
 e - a +4 ring of protection
 k - an uncursed ring of resist corrosion
 u - the ring "Tyecw" (left hand) {rPois MR++ Str+4 Dex+4 SInv}
   (You bought it in a shop on level 2 of the Orcish Mines)

   [ring of poison resistance]

   It affects your strength (+4).
   It affects your dexterity (+4).
   It protects you from poison.
   It affects your resistance to hostile enchantments.
   It lets you see invisible.
 y - a +6 ring of intelligence
 z - an uncursed amulet of reflection
 J - a ring of magical power (right hand)
 K - an amulet of magic regeneration (around neck)
 L - an uncursed ring of positive energy
Wands
 a - a wand of digging (12)
 l - a wand of iceblast (11)
 I - a wand of acid (5)
 R - a wand of enslavement (8)
Scrolls
 d - 4 scrolls of fog
 f - 9 scrolls of remove curse
 g - 6 scrolls of teleportation
 j - 5 scrolls of magic mapping
 m - 3 scrolls of enchant armour
 n - 3 scrolls of identify
 t - a scroll of brand weapon
 v - 3 scrolls of vulnerability
 A - 2 scrolls of blinking
 F - 2 scrolls of enchant weapon
 G - a scroll of silence
 H - a scroll of amnesia
 O - a scroll of holy word
Potions
 o - a potion of curing
 q - a potion of might
 r - 2 potions of flight
 s - 5 potions of brilliance
 w - 5 potions of lignification
 B - 3 potions of resistance
 C - 4 potions of heal wounds
 D - a potion of cancellation
 E - a potion of berserk rage
Books
 c - a manual of Bows


   Skills:
 + Level 7.6 Fighting
 - Level 14.0 Dodging
 - Level 2.4 Stealth
 + Level 7.7 Shields
 - Level 10.0 Spellcasting
 + Level 15.3 Summonings
 - Level 10.0 Translocations
 - Level 7.0 Ice Magic
 - Level 7.0 Air Magic
 - Level 10.5 Invocations


You had 8 spell levels left.
You knew the following spells:

 Your Spells              Type           Power        Failure   Level
a - Summon Lightning Spi  Summ/Air       ######..     1%          4
b - Blink                 Tloc           N/A          1%          2
c - Call Canine Familiar  Summ           ######..     1%          3
d - Summon Ice Beast      Ice/Summ       ######..     1%          4
e - Summon Hydra          Summ           ######....   9%          7
f - Shadow Creatures      Summ           N/A          1%          6

Your spell library contained the following spells:

 Spells                   Type           Power        Failure   Level
 Summon Small Mammal      Summ           ####         0%          1
 Call Imp                 Summ           ######..     0%          2
 Apportation              Tloc           ######       1%          1
 Freeze                   Ice            ####         1%          1
 Shock                    Conj/Air       ####         1%          1
 Corpse Rot               Necr/Air       N/A          1%          2
 Ensorcelled Hibernation  Hex/Ice        ####..       1%          2
 Swiftness                Air            #####...     1%          2
 Frozen Ramparts          Ice            #####.       1%          3
 Gell's Gravitas          Tloc           ######....   1%          3
 Ozocubu's Armour         Ice            #####...     1%          3
 Portal Projectile        Hex/Tloc       #####.       1%          3
 Summon Guardian Golem    Hex/Summ       #####...     1%          3
 Summon Demon             Summ           ######....   1%          5
 Summon Forest            Summ/Tloc      ######....   1%          5
 Airstrike                Air            #####.....   2%          4
 Static Discharge         Conj/Air       ####....     3%          3
 Animate Skeleton         Necr           ##....       5%          1
 Corona                   Hex            ##.....      5%          1
 Magic Dart               Conj           ##..         5%          1
 Pain                     Necr           ##..         5%          1
 Mephitic Cloud           Conj/Pois/Air  ###.....     6%          3
 Summon Mana Viper        Hex/Summ       #####...     6%          5
 Slow                     Hex            ##......     8%          2
 Hailstorm                Conj/Ice       ####....     12%         4
 Dispersal                Tloc           ######....   13%         6
 Confusing Touch          Hex            ##......     16%         3
 Conjure Flame            Conj/Fire      ##......     16%         3
 Dazzling Flash           Conj/Hex       ##....       16%         3
 Stone Arrow              Conj/Erth      ##....       16%         3
 Tukima's Dance           Hex            ##......     16%         3
 Vampiric Draining        Necr           ##........   16%         3
 Lightning Bolt           Conj/Air       ####......   34%         5
 Silence                  Hex/Air        ####......   34%         5
 Animate Dead             Necr           ##........   45%         4
 Agony                    Necr           ##......     82%         5
 Bolt of Magma            Conj/Fire/Erth ##........   82%         5
 Irradiate                Conj/Tmut      ##........   82%         5
 Iskenderun's Battlesphe  Conj           ##......     82%         5
 Conjure Ball Lightning   Conj/Air       ####......   88%         6
 Spellforged Servitor     Conj/Summ      #####.....   89%         7
 Disjunction              Tloc           ######....   99%         8
 Eringya's Noxious Bog    Tmut/Pois      ##........   100%        6
 Hydra Form               Tmut           ##........   100%        6
 Iron Shot                Conj/Erth      ##........   100%        6
 Statue Form              Tmut/Erth      ##.......    100%        6
 Dragon Form              Tmut           ##........   100%        7
 Orb of Destruction       Conj           ##........   100%        7
 Chain Lightning          Conj/Air       ####......   100%        8
 Lehudib's Crystal Spear  Conj/Erth      ##........   100%        8
 Absolute Zero            Ice            #####.....   100%        9
 Fire Storm               Conj/Fire      ##........   100%        9
 Tornado                  Air            #####.....   100%        9


Dungeon Overview and Level Annotations

Branches:
Dungeon (15/15)            Temple (1/1) D:7            Lair (6/6) D:10
  Swamp (4/4) Lair:4       Spider (3/4) Lair:4        Slime (0/5) Lair:6
    Orc (2/2) D:9             Elf (0/3) Orc:2        Vaults (0/5) D:14
 Depths (0/5) D:15          Sewer (visited)           IceCv (visited)

Altars:
Ashenzari
Cheibriados
Dithmenos
Elyvilon
Fedhas
Gozag
Hepliaklqana
Kikubaaqudgha
Makhleb
Nemelex Xobeh
Okawaru
Qazlal
Ru
Sif Muna
Trog
Uskayaw
Vehumet
Wu Jian
Xom
Yredelemnul
Zin
The Shining One
Jiyva

Shops:
D:5 ?*(   D:13 *   Orc:2 ?==*[

Annotations:
D:8 2 runed translucent doors
Lair:3 1 runed translucent door, PanSaczeczos's ghost, journeyman TrHu
Spider:2 3 runed translucent doors, Taerut Lebb's ghost, journeyman DDFi
Spider:3 Azrael


Message History

The demonic crawler completely misses you.
The demonic crawler hits you!
* * * LOW HITPOINT WARNING * * *
The demonic crawler completely misses you.
Casting: Shadow Creatures (dangerous; 1% risk of failure)
Confirm with . or Enter, or press ? or * to list all spells.
The spell is quite dangerous to cast (9% risk of failure)!
Continue anyway?
An eight-headed hydra appears.
You radiate an aura of cold.
The demonic crawler is unaffected.
Your eight-headed hydra seems to slow down.
The demonic crawler hits you.
* * * LOW HITPOINT WARNING * * *
The demonic crawler hits you but does no damage.
The demonic crawler barely misses you. The demonic crawler hits you.
* * * LOW HITPOINT WARNING * * *
The demonic crawler hits you!
* * * LOW HITPOINT WARNING * * *
The demonic crawler hits you!
You die...
Fedhas appreciates your contribution to the ecosystem.

..##.)<..#.# .......#.>.#
.#^#....#..# ###
.........#.###.##
..#.#..#...#....#
...^#^..#....#..###
.#......#.#.....#>##
..####.#....##..#..##
#.#...#.^.#.[#..@s..#
.#.#.....##.#.D....##
....#...^#.....^#..##
#.....##....#..#....##
.#....#...#....###...##
...##.#...#...#....^..#
..^#.##..#.#..#...#...####
............####^......#^#
..#...)..#.## ####......#


You could see a demonic crawler and a friendly eight-headed hydra (summoned,
slow).

Vanquished Creatures
  A ghost moth (Spider:2)
  A great orb of eyes (D:13)
  A vault guard (D:14)
  2 centaur warriors
  An alligator (Swamp:4)
  2 nameless horrors (Spider:1)
  A spriggan druid (Swamp:4)
  A flayed ghost (D:15)
  A phantasmal warrior (Swamp:4)
  3 ugly things
  An orb spider (Spider:2)
  A lindwurm (Lair:6)
  A deep elf mage (D:15)
  2 wolf spiders (Spider:1)
  3 cane toads
  A torpor snail (Lair:6)
  3 centaur skeletons
  A demonic crawler (Spider:1)
  3 komodo dragons
  3 ice devils (IceCv)
  A rime drake (Lair:2)
  3 red devils (D:15)
  2 trolls
  A wolf spider simulacrum (D:15)
  3 jumping spiders
  5 blink frogs
  6 slime creatures
  2 hornets
  3 tyrant leeches
  3 alligator zombies (Swamp:4)
  4 hippogriffs
  16 redbacks
  A spriggan (Swamp:2)
  5 tarantellas
  13 yaks
  A water elemental (D:13)
  A vampire mosquito (Swamp:2)
  14 insubstantial wisps
  6 swamp worms
  2 wargs
  A harpy simulacrum (D:15)
  A hell hound (Spider:3)
  A water moccasin (Lair:1)
  6 porcupines
  7 orc warriors
  A swamp drake (Swamp:2)
  A phantom (Swamp:4)
  2 sky beasts
  3 ice beasts
  A necrophage (D:8)
  An ogre (D:9)
  A wolf (Lair:1)
  5 centaurs
  2 eyes of draining
  2 crocodiles
  A wyvern zombie (D:11)
  2 big kobolds
  8 bullfrogs
  A scorpion (D:10)
  A killer bee (D:10)
  5 wights
  A wyvern simulacrum (D:15)
  A draconian simulacrum (IceCv)
  3 jellies
  7 orc priests
  A bullfrog skeleton (D:10)
  An iguana (D:4)
  4 orc wizards
  A spectral orc (Orc:1)
  5 worker ants
  A spriggan simulacrum (IceCv)
  A troll simulacrum (IceCv)
  A centaur simulacrum (IceCv)
  A hound skeleton (D:9)
  3 adders
  A naga simulacrum (IceCv)
  A shadow imp (D:5)
  A white imp (D:7)
  An ufetubus (D:6)
  An adder skeleton (D:8)
  A dart slug (D:1)
  5 leopard geckos
  26 orcs
  5 giant cockroaches
  A goblin (D:9)
  3 hobgoblins
  3 jackals
  3 quokkas
  8 bats
  6 frilled lizards
  11 kobolds
  A leopard gecko skeleton (D:5)
  A quokka skeleton (D:4)
  7 rats
  2 ballistomycete spores
297 creatures vanquished.

Vanquished Creatures (collateral kills)
  Bai Suzhen (Swamp:3)
  Agnes (D:13)
  Roxanne (Swamp:3)
  A storm dragon (shapeshifter) (D:15)
  Kirke (Lair:5)
  A fire giant (D:15)
  An entropy weaver (Spider:1)
  A fire dragon (Lair:6)
  Snorg (Lair:4)
  The ghost of p0werm0de the Fighter, a journeyman MiFi of Ru (Orc:1)
  3 vault guards (D:14)
  20 hydras
  Erica (D:8)
  2 ghost crabs (Swamp:4)
  2 two-headed ogres
  9 alligators
  5 death yaks
  2 tengu warriors (D:15)
  Nergalle (D:11)
  Urug (D:10)
  A spriggan berserker (Swamp:2)
  4 orc high priests (Orc:2)
  A deep elf knight (Swamp:2)
  3 skeletal warriors (D:14)
  An unseen horror (D:9)
  A spriggan druid (Swamp:2)
  A death drake (Swamp:4)
  4 swamp dragons
  3 spectral hydras (Swamp:4)
  4 orc knights
  A phantasmal warrior (Swamp:4)
  3 orb spiders
  11 ugly things
  A necromancer (IceCv)
  3 cyclopes
  A deep elf mage (D:14)
  An orc sorcerer (Orc:2)
  7 wolf spiders
  A manticore (D:12)
  3 black mambas
  A gargoyle (D:10)
  2 ice statues (IceCv)
  7 torpor snails
  16 cane toads
  5 ice devils
  2 centaur skeletons (D:14)
  A swamp worm zombie (Swamp:4)
  8 komodo dragons
  A rime drake (Lair:6)
  A freezing wraith (D:13)
  11 demonic crawlers
  2 polar bears
  3 hydra zombies (Swamp:4)
  A red devil (D:15)
  2 trolls
  15 blink frogs
  14 hornets
  A meliai zombie (D:13)
  10 tyrant leeches
  A spectral orc (Orc:1)
  10 bog bodies
  4 hippogriffs
  11 slime creatures
  4 spectral swamp dragons (Swamp:4)
  An alligator zombie (Swamp:4)
  3 spriggans (Swamp:2)
  25 redbacks
  Sigmund (D:6)
  A vampire (D:12)
  10 tarantellas
  A wraith (D:12)
  A hog (Lair:5)
  2 fire elementals (Spider:2)
  19 yaks
  Grum (D:8)
  2 basilisks
  3 wyverns
  3 vampire mosquitoes
  4 wargs
  An acid dragon (D:15)
  4 swamp worms
  10 insubstantial wisps
  A hell hound (Spider:2)
  5 porcupines
  7 swamp drakes
  26 orc warriors
  6 water moccasins
  3 black bears
  3 ice beasts
  11 ogres
  An eye of draining (D:8)
  6 sky beasts
  9 phantoms
  4 swamp dragon zombies (Swamp:4)
  17 wolves
  A necrophage (D:9)
  10 centaurs
  7 crocodiles
  3 big kobolds (Sewer)
  Blork the orc (D:5)
  7 bullfrogs
  A two-headed ogre simulacrum (Orc:1)
  2 water moccasin skeletons (D:9)
  3 scorpions
  A spectral ogre (Orc:1)
  18 killer bees
  7 wights
  5 howler monkeys
  A bullfrog zombie (D:7)
  2 quasits
  A draconian simulacrum (IceCv)
  A jelly (D:13)
  7 hounds
  39 orc priests
  A warg simulacrum (Orc:1)
  21 orc wizards
  3 iguanas
  A spectral swamp drake (Swamp:4)
  9 worker ants
  2 spriggan simulacra (IceCv)
  A killer bee zombie (D:8)
  2 nameless horrors
  A centaur simulacrum (IceCv)
  A hound skeleton (D:6)
  2 worker ant zombies (D:9)
  7 adders
  A naga simulacrum (IceCv)
  A river rat (D:3)
  5 white imps
  2 oozes (D:3)
  An orc simulacrum (Orc:1)
  An ufetubus (D:15)
  An adder zombie (D:8)
  3 worms
  A dart slug (D:2)
  4 leopard geckos
  57 orcs
  5 giant cockroaches
  6 goblins
  6 hobgoblins
  6 jackals
  5 quokkas
  2 ball pythons (D:3)
  2 bats
  3 frilled lizards
  14 kobolds
  A leopard gecko zombie (D:6)
  2 rats (D:3)
  9 ballistomycete spores
741 creatures vanquished.

Vanquished Creatures (others)
  3 thorn hunters
  A hydra (Swamp:3)
  A shambling mangrove (Swamp:2)
  A swamp dragon (Swamp:3)
  2 spriggan druids (Swamp:3)
  A phantasmal warrior (Swamp:4)
  A nameless horror (Swamp:4)
  5 cane toads
  A hornet (Swamp:3)
  2 bog bodies (Swamp:3)
  3 spriggans (Swamp:3)
  A yak (Lair:6)
  A human (Lair:5)
  An insubstantial wisp (Swamp:4)
  3 swamp worms (Swamp:3)
  A water moccasin (Lair:1)
  A swamp drake (Swamp:3)
  A centaur (D:11)
  A worker ant (D:6)
  A kobold (D:10)
  3 ballistomycete spores
  A briar patch (Swamp:4)
  A bush (Lair:6)
  72 fungi
  147 plants
  2 withered plants (Lair:3)
258 creatures vanquished.

Grand Total: 1296 creatures vanquished

Notes
Turn   | Place    | Note
-------+----------+-------------------------------------------
     0 | D:1      | Mesmaeker13 the Deep Elf Summoner began the quest for the
                  | Orb.
     0 | D:1      | Reached XP level 1. HP: 10/10 MP: 6/6
  1075 | D:1      | Reached XP level 2. HP: 6/15 MP: 5/8
  1702 | D:2      | Learned a level 2 spell: Call Imp
  2161 | D:2      | Reached XP level 3. HP: 19/19 MP: 7/10
  3015 | D:3      | Reached skill level 5 in Summonings
  3508 | D:3      | Found a glowing drain.
  3514 | Sewer    | Entered a sewer
  3763 | Sewer    | Noticed a big kobold
  3763 | Sewer    | Noticed a big kobold
  3781 | Sewer    | Killed a big kobold
  3781 | Sewer    | Reached XP level 4. HP: 24/24 MP: 4/12
  3792 | Sewer    | Killed a big kobold
  3792 | Sewer    | Reached XP level 5. HP: 28/28 MP: 7/14
  3895 | Sewer    | Learned a level 3 spell: Call Canine Familiar
  4223 | Sewer    | Reached skill level 5 in Spellcasting
  4750 | D:3      | Found a shimmering blue altar of Sif Muna.
  4750 | D:3      | Found a stormy altar of Qazlal.
  4779 | D:3      | Found a radiant altar of Vehumet.
  5629 | D:4      | Reached XP level 6. HP: 32/32 MP: 9/16
  5836 | D:4      | Reached skill level 5 in Dodging
  5836 | D:4      | Reached skill level 6 in Summonings
  6430 | D:4      | Learned a level 4 spell: Summon Ice Beast
  6433 | D:5      | Entered Level 5 of the Dungeon
  6505 | D:5      | Found Wacit's Weapon Emporium.
  6535 | D:5      | Noticed Blork the orc
  6550 | D:5      | Killed Blork the orc
  6754 | D:5      | Found a shimmering altar of Xom.
  6842 | D:5      | Found Hacajon's Magic Scroll Boutique.
  6864 | D:5      | Found Nuut Ome's General Store.
  6958 | D:5      | Reached skill level 1 in Ice Magic
  7392 | D:5      | Reached XP level 7. HP: 33/36 MP: 10/18
  8240 | D:6      | Found a hazy altar of Hepliaklqana.
  8599 | D:6      | Found a shadowy altar of Dithmenos.
  8852 | D:6      | Noticed Sigmund
  8872 | D:6      | Killed Sigmund
  9029 | D:7      | Found a staircase to the Ecumenical Temple.
  9063 | Temple   | Entered the Ecumenical Temple
  9244 | Temple   | Became a worshipper of Fedhas Madash
  9486 | D:7      | Reached skill level 7 in Summonings
  9709 | D:7      | Reached XP level 8. HP: 41/41 MP: 20/20
  9984 | D:7      | Reached * piety under Fedhas
 10206 | D:8      | Noticed Grum
 10534 | D:8      | Noticed Erica
 10550 | D:8      | Learned a level 4 spell: Summon Lightning Spire
 10646 | D:8      | Reached skill level 1 in Air Magic
 11061 | D:8      | Killed Erica
 11139 | D:8      | Found a runed translucent door.
 11142 | D:8      | Found a runed translucent door.
 11142 | D:8      | Noticed a manticore
 11190 | D:8      | Found the +8 trident of the Octopus King {venom, rElec
                  | rPois MR+}
 11193 | D:8      | Noticed a slime creature
 11306 | D:8      | Reached XP level 9. HP: 38/45 MP: 8/23
 11405 | D:8      | Reached skill level 8 in Summonings
 11643 | D:8      | Reached skill level 5 in Ice Magic
 11795 | D:8      | Killed Grum
 12575 | D:9      | Reached ** piety under Fedhas
 12590 | D:9      | Found an iron altar of Okawaru.
 12801 | D:9      | Noticed a cyan ugly thing
 12827 | D:9      | Found a staircase to the Orcish Mines.
 12830 | D:9      | HP: 1/45 [yak (14)]
 13218 | D:9      | Got a steaming spear
 13868 | D:9      | Killed an unseen horror
 13868 | D:9      | Reached skill level 9 in Summonings
 13868 | D:9      | Reached XP level 10. HP: 23/50 MP: 25/25
 14151 | D:9      | Killed a cyan ugly thing
 14206 | D:9      | Reached skill level 10 in Spellcasting
 14288 | D:9      | Found a blossoming altar of Fedhas.
 14321 | D:9      | Reached *** piety under Fedhas
 14680 | D:10     | Entered Level 10 of the Dungeon
 14705 | D:10     | Reached skill level 5 in Air Magic
 14706 | D:10     | Noticed Urug
 14729 | D:10     | Noticed a gargoyle
 14999 | D:10     | Reached skill level 1 in Invocations
 15238 | D:10     | Identified the +5 spear of Nacil {vorpal, rElec rPois
                  | Str-2} (You found it on level 9 of the Dungeon)
 15901 | D:10     | Killed a gargoyle
 16093 | D:10     | Found a staircase to the Lair.
 16110 | D:10     | Killed Urug
 16896 | Lair:1   | Entered Level 1 of the Lair of Beasts
 16932 | Lair:1   | Reached skill level 10 in Dodging
 17097 | Lair:1   | Reached skill level 10 in Summonings
 17177 | Lair:1   | Noticed a seven-headed hydra
 17199 | Lair:1   | Killed a seven-headed hydra
 17643 | Lair:1   | Noticed an oklob plant
 17643 | Lair:1   | Noticed an oklob plant
 17678 | Lair:1   | Noticed a cane toad
 17686 | Lair:1   | Killed a cane toad
 18249 | Lair:1   | Reached XP level 11. HP: 54/54 MP: 27/27
 18254 | Lair:1   | Reached **** piety under Fedhas
 18741 | Lair:2   | Noticed a four-headed hydra
 18757 | Lair:2   | Killed a four-headed hydra
 18758 | Lair:2   | Reached skill level 5 in Invocations
 19252 | Lair:3   | Found a runed translucent door.
 19254 | Lair:3   | Noticed PanSaczeczos's ghost (journeyman TrHu)
 19353 | Lair:3   | Noticed a six-headed hydra
 19360 | Lair:3   | Killed a six-headed hydra
 19553 | Lair:3   | Noticed an eight-headed hydra
 19561 | Lair:3   | Killed an eight-headed hydra
 19982 | Lair:3   | Reached skill level 11 in Summonings
 20421 | Lair:4   | Found a hole to the Spider Nest.
 20472 | Lair:4   | Noticed Snorg
 20482 | Lair:4   | Killed Snorg
 20779 | Lair:4   | Reached ***** piety under Fedhas
 21232 | Lair:4   | Found a staircase to the Swamp.
 21662 | Lair:5   | Noticed Kirke
 21664 | Lair:5   | Noticed a sphinx
 22082 | Lair:5   | Noticed a seven-headed hydra
 22092 | Lair:5   | Killed a seven-headed hydra
 22167 | Lair:5   | Reached XP level 12. HP: 59/59 MP: 19/28
 22305 | Lair:5   | Reached skill level 12 in Summonings
 22356 | Lair:5   | Noticed a five-headed hydra
 22357 | Lair:5   | Killed Kirke
 22370 | Lair:5   | Killed a five-headed hydra
 22712 | Lair:5   | Noticed a five-headed hydra
 22717 | Lair:5   | Killed a five-headed hydra
 23116 | Lair:5   | Noticed a seven-headed hydra
 23122 | Lair:5   | Killed a seven-headed hydra
 23286 | Lair:6   | Entered Level 6 of the Lair of Beasts
 23288 | Lair:6   | Noticed a death yak
 23288 | Lair:6   | Noticed a death yak
 23288 | Lair:6   | Noticed a death yak
 23288 | Lair:6   | Noticed a death yak
 23289 | Lair:6   | Noticed a death yak
 23314 | Lair:5   | Killed a death yak
 23607 | Lair:6   | Noticed a four-headed hydra
 23612 | Lair:6   | Noticed a six-headed hydra
 24064 | Lair:6   | Killed a death yak
 24074 | Lair:6   | Killed a death yak
 24084 | Lair:6   | Killed a death yak
 24085 | Lair:6   | Killed a death yak
 24344 | Lair:6   | Found a viscous altar of Jiyva.
 24344 | Lair:6   | Found a staircase to the Slime Pits.
 24429 | Lair:6   | Noticed a five-headed hydra
 24434 | Lair:6   | Killed a five-headed hydra
 24487 | Lair:6   | Killed a four-headed hydra
 24953 | Lair:6   | Killed a six-headed hydra
 25259 | Lair:6   | Found a runed translucent door.
 25259 | Lair:6   | Noticed a fire dragon
 25282 | Lair:6   | Reached skill level 13 in Summonings
 25774 | Lair:6   | Reached skill level 10 in Invocations
 25998 | Lair:6   | Killed a fire dragon
 26288 | Lair:5   | Got a pearl-encrusted scale mail
 26528 | D:5      | Bought a scroll of identify for 20 gold pieces
 26529 | D:5      | Identified the +2 scale mail "Qepnydun" {rC- rCorr SInv}
                  | (You found it on level 5 of the Lair of Beasts)
 26613 | D:5      | Bought a scroll of identify for 28 gold pieces
 26840 | Orc:1    | Entered Level 1 of the Orcish Mines
 26841 | Orc:1    | Noticed a two-headed ogre
 26860 | D:9      | Killed a two-headed ogre
 26860 | D:9      | Reached XP level 13. HP: 40/63 MP: 12/29
 27567 | Orc:1    | Found a runed translucent gate.
 27568 | Orc:1    | Found a runed translucent gate.
 27578 | Orc:1    | Found a runed translucent gate.
 27749 | Orc:1    | Reached ****** piety under Fedhas
 28020 | Orc:1    | Noticed p0werm0de's ghost (journeyman MiFi)
 28177 | Orc:1    | Killed p0werm0de's ghost
 28311 | Orc:1    | Learned a level 2 spell: Blink
 28320 | Orc:2    | Entered Level 2 of the Orcish Mines
 28545 | Orc:2    | Found Osoug's Antique Armour Shoppe.
 28571 | Orc:2    | Reached skill level 1 in Translocations
 28901 | Orc:2    | Bought a glowing kite shield for 232 gold pieces
 29900 | Orc:2    | Reached skill level 1 in Shields
 30086 | Orc:2    | Found Ranowo's General Store.
 30086 | Orc:2    | Found Iwoiri's Jewellery Shoppe.
 30087 | Orc:2    | Found Ypreazay's Magic Scroll Shoppe.
 30231 | Orc:2    | Found Hemep's Jewellery Emporium.
 30430 | Orc:2    | Reached skill level 1 in Fighting
 30558 | Orc:2    | Found a burning altar of Makhleb.
 30595 | Orc:2    | Found a staircase to the Elven Halls.
 30830 | Orc:2    | Bought the +4 skin of Zhor {Englaciate rC+++ SInv} for 1197
                  | gold pieces
 30830 | Orc:2    | Found the +4 skin of Zhor {Englaciate rC+++ SInv}
 30837 | Orc:2    | Bought the ring "Tyecw" {rPois MR++ Str+4 Dex+4 SInv} for
                  | 733 gold pieces
 30963 | D:11     | Got a jewelled ring mail
 31009 | D:11     | Noticed Nergalle
 31143 | D:11     | Found a frozen archway.
 31238 | IceCv    | Entered an ice cave
 32114 | IceCv    | Identified the cursed +1 ring mail of the Iron City of Dis
                  | {Dex+2} (You found it on level 11 of the Dungeon)
 32811 | D:11     | Killed Nergalle
 33102 | D:11     | You fall into a shaft and drop 1 floor!
 34675 | D:13     | Reached skill level 14 in Summonings
 34961 | D:13     | Found Mevodeiz's Assorted Antiques.
 35510 | D:13     | Reached skill level 5 in Translocations
 35653 | D:14     | Learned a level 3 spell: Summon Guardian Golem
 36438 | D:14     | Found a gate to the Vaults.
 36603 | D:14     | Noticed Agnes
 36724 | D:14     | Reached XP level 14. HP: 57/75 MP: 17/30
 36793 | D:13     | Killed Agnes
 37450 | D:15     | Entered Level 15 of the Dungeon
 38129 | D:15     | Found a staircase to the Depths.
 38129 | D:15     | Noticed a fire giant
 38142 | D:15     | Killed a fire giant
 39326 | D:15     | Noticed a storm dragon
 39386 | D:15     | Killed a storm dragon
 39386 | D:15     | Reached skill level 5 in Shields
 40150 | Swamp:1  | Entered Level 1 of the Swamp
 40574 | Swamp:1  | Reached skill level 5 in Fighting
 41911 | Swamp:2  | Reached skill level 15 in Summonings
 42659 | Swamp:2  | Identified a scroll of acquirement
 42659 | Swamp:2  | Acquired a book of the Warp
 44008 | Swamp:3  | Noticed a thorn hunter
 44128 | Swamp:3  | Noticed a thorn hunter
 44133 | Swamp:3  | Noticed a thorn hunter
 44366 | Swamp:3  | Noticed Bai Suzhen
 44388 | Swamp:3  | Killed a thorn hunter
 44398 | Swamp:3  | Killed a thorn hunter
 44399 | Swamp:3  | Killed Bai Suzhen
 44783 | Swamp:3  | Noticed Roxanne
 45586 | Swamp:3  | Killed Roxanne
 45682 | Swamp:4  | Entered Level 4 of the Swamp
 46217 | Swamp:4  | Noticed a thorn hunter
 46299 | Swamp:3  | Acquired a book of Summonings
 46341 | Swamp:3  | Learned a level 6 spell: Shadow Creatures
 46376 | Swamp:4  | Reached XP level 15. HP: 58/84 MP: 9/31
 46995 | Swamp:4  | Killed a thorn hunter
 48448 | Swamp:4  | Noticed a bone dragon
 48620 | Swamp:4  | Learned a level 7 spell: Summon Hydra
 49815 | Swamp:4  | Got a decaying rune of Zot
 50132 | Spider:1 | Entered Level 1 of the Spider Nest
 52702 | Spider:2 | You fall into a shaft and drop 1 floor!
 53705 | Spider:1 | Reached skill level 10 in Translocations
 53919 | Spider:2 | Noticed a ghost moth
 54441 | Orc:2    | Bought a potion of curing for 54 gold pieces
 55141 | Spider:2 | Killed a ghost moth
 55491 | Spider:2 | Found a runed translucent gate.
 55491 | Spider:2 | Found a runed translucent gate.
 55491 | Spider:2 | Found a runed translucent gate.
 55493 | Spider:2 | Noticed Taerut Lebb's ghost (journeyman DDFi)
 55608 | Spider:3 | Noticed Azrael
 55634 | Spider:2 | Slain by a demonic crawler

Illustrated notes

Levels and vault maps discovered:
D:1:      shiori_shiawase, layout_basic
D:2:      layout_basic
D:3:      layout_basic, grunt_temple_overflow_open, gup_sewer_entry_bowl,
          minmay_shallow_snake_nest
D:4:      layout_basic
D:5:      layout_basic, basic_altar, serial_shops, shop, shop, shop,
          uniq_blork_the_orc
D:6:      layout_loops_ring, lemuel_crystal_altar, marbit_many_paths,
          uniq_sigmund
D:7:      layout_basic, minmay_temple_entry_proselytizer
D:8:      minmay_the_grid_triangle_9x9_rhombus_thin
          [minmay_the_grid_triangle_9x9_tough_junction,
          minmay_the_grid_triangle_9x9_prize_top_heavy,
          minmay_the_grid_triangle_9x9_zippers_vertical,
          minmay_the_grid_triangle_9x9_intruding_spiral], layout_basic,
          uniq_erica, uniq_grum
D:9:      hangedman_cross_cluster, layout_basic, orc_0_dummy, basic_altar,
          enter_bailey_2, corexii_checkpoint_a
D:10:     layout_loops_ring, erik_lair_orcish_takeover, uniq_urug
D:11:     layout_rooms, portal_ice_cave_demonic_guard, minmay_orc_keep,
          uniq_nergalle
D:12:     layout_cave_pods
D:13:     layout_rooms, special_room [special_room_orc], serial_shops,
          nicolae_shop_trees, serial_bayou, serial_bayou_pond_d,
          serial_bayou_pond_c, serial_bayou_pond_c, serial_bayou_shore_b,
          serial_bayou_crossing, small_chamber_with_monster
D:14:     layout_long_grid, lightli_vaults_fourway_checkpoint,
          nicolae_two_hexagons, uniq_agnes
D:15:     grunt_enter_depths_giant_problem, layout_basic, serial_ice,
          serial_ice_b, serial_ice_j, serial_ice_d, serial_ice_c,
          serial_park_square2, einodemon_armed_red_devil_minivault
Temple:   minmay_crystal_spiral_temple
Lair:1:   layout_loops_ring, minmay_lair_oklob_chamber, grunt_megastairs_5,
          lemuel_fruit_fields
Lair:2:   layout_roguey, minmay_holes
Lair:3:   layout_hall_layers, gammafunk_ghost_grave
Lair:4:   layout_small_grid, minmay_swamp_entry_wisps,
          spider_nest_entry_web_field, serial_bayou_shore_a,
          lemuel_fruit_fields, lemuel_fruit_tree, uniq_snorg
Lair:5:   layout_gridlike, uniq_kirke
Lair:6:   wormcave, layout_cave_pods, slime_altar_1
Swamp:1:  layout_falls_marsh, evilmike_swamp_ruin_rubble_2,
          infiniplex_staircase_pool
Swamp:2:  cheibrodos_swamp_heart_of_darkness, layout_basic_swamp,
          serial_swamp_ruin, hangedman_swamp_ruin_hall,
          evilmike_swamp_ruin_wall, evilmike_swamp_ruin_house_6
Swamp:3:  nicolae_swamp_phyte_club, layout_falls_marsh,
          evilmike_swamp_ruin_house_4, uniq_bai_suzhen, uniq_roxanne
Swamp:4:  swamp_pestilence, layout_basic_swamp
Spider:1: layout_spider_delve
Spider:2: layout_spider_delve, ebering_ghost_rock_garden
Spider:3: layout_spider_delve, uniq_azrael
Orc:1:    layout_caves, gammafunk_ghost_necromancy
Orc:2:    st_orc_mages, layout_caves, serial_shops, shop, bloody_makhleb

Skill      XL: |  1  2  3  4  5  6  7  8  9 10 11 12 13 14 15 |
---------------+----------------------------------------------+-----
Dodging        | 3 4 5 6 7 8 10 12 13 14 | 14.0
Spellcasting   | 4 5 6 7 8 9 10 | 10.0
Summonings     | 5 6 7 9 10 11 13 14 15 | 15.3
Ice Magic      | 1 3 4 6 7 |  7.0
Air Magic      | 2 4 6 7 |  7.0
Invocations    | 4 7 10 | 10.5
Translocations | 5 8 10 | 10.0
Shields        | 3 6 7 |  7.7
Fighting       | 3 6 7 |  7.6
Stealth        | |  2.4

Action                   |  1- 3 |  4- 6 |  7- 9 | 10-12 | 13-15 || total
-------------------------+-------+-------+-------+-------+-------++-------
Melee: Dagger            |    34 |       |       |       |       ||    34
       Unarmed           |     2 |       |       |       |       ||     2
       Spear             |    81 |   134 |   116 |       |       ||   331
       Trident           |       |       |    42 |   245 |  1043 ||  1330
Throw: Dart              |       |       |       |     1 |       ||     1
 Cast: Summon Small Mamm |    15 |     1 |       |       |       ||    16
       Call Imp          |    29 |    33 |    12 |       |       ||    74
       Call Canine Famil |       |    25 |    48 |    32 |    30 ||   135
       Summon Ice Beast  |       |       |    10 |   128 |   331 ||   469
       Summon Lightning  |       |       |    21 |   102 |   261 ||   384
       Summon Guardian G |       |       |       |       |     2 ||     2
       Shadow Creatures  |       |       |       |       |    45 ||    45
       Summon Hydra      |       |       |       |       |    41 ||    41
       Blink             |       |       |       |       |     1 ||     1
Invok: Grow Ballistomyce |       |       |       |     2 |     4 ||     6
       Wall of Briars    |       |       |       |     1 |       ||     1
       Grow Oklob        |       |       |       |       |     8 ||     8
       Overgrow          |       |       |       |       |     2 ||     2
Evoke: Wand              |       |       |    10 |    31 |     5 ||    46
  Use: Scroll            |     2 |     2 |    24 |    15 |    25 ||    68
       Potion            |       |     3 |     9 |     1 |    25 ||    38
 Stab: Sleeping          |     8 |     5 |     5 |     3 |     7 ||    28
       Distracted        |       |     1 |     4 |     6 |    36 ||    47
       Paralysed         |       |       |       |     4 |       ||     4
Armor: Robe              |    22 |    15 |    23 |    33 |    13 ||   106
       Animal skin       |       |       |       |       |   226 ||   226
       Skin              |       |       |       |       |    66 ||    66
Dodge: Dodged            |    65 |    79 |   103 |   213 |  1187 ||  1647
Block: Other             |       |       |    19 |    44 |   289 ||   352
       Reflection        |       |       |     3 |     1 |    20 ||    24

Table legend: (Time is in decaauts)
 A = Elapsed time spent in this place.
 B = Non-inter-level travel time spent in this place.
 C = Inter-level travel time spent in this place.
 D = Time resting spent in this place.
 E = Time spent auto-exploring this place.
 F = Levels seen in this place.
 G = Mean time per level.
                   A        B        C        D        E       F      G
               +--------+--------+--------+--------+--------+-----+--------+
         Total |  56828 |  53559 |   3269 |  19744 |  20959 |  33 | 1722.1 |
       Dungeon |  24389 |  22924 |   1465 |   6891 |  10616 |  15 | 1625.9 |
        Temple |    268 |    182 |     86 |      0 |    177 |   1 |  268.0 |
          Lair |  11277 |  10499 |    778 |   3840 |   4550 |   6 | 1879.5 |
         Swamp |  10524 |   9914 |    610 |   3627 |   3763 |   4 | 2631.0 |
   Spider Nest |   3845 |   3710 |    135 |   2223 |    819 |   3 | 1281.7 |
  Orcish Mines |   3907 |   3713 |    194 |   1666 |    885 |   2 | 1953.5 |
         Sewer |   1123 |   1123 |      0 |    658 |    113 |   1 | 1123.0 |
      Ice Cave |   1491 |   1491 |      0 |    839 |     34 |   1 | 1491.0 |
               +--------+--------+--------+--------+--------+-----+--------+

Top non-repeatable levels by time:
 Swamp:4: 3209 daAuts
 Swamp:3: 3150 daAuts
  Lair:4: 2984 daAuts
  Lair:6: 2819 daAuts
     D:8: 2695 daAuts
 Swamp:2: 2603 daAuts
     D:9: 2505 daAuts
Spider:1: 2486 daAuts
    D:15: 2318 daAuts
   Orc:2: 2119 daAuts
    D:10: 1958 daAuts
    D:14: 1814 daAuts
   Orc:1: 1787 daAuts
     D:1: 1685 daAuts
  Lair:5: 1627 daAuts
